 Dungeon Crawl Stone Soup version 0.31-a0-845-g9abc20d24f (webtiles) character file.

Game seed: 6144890167693585169

124 arglypuff the Chopper (level 5, 0/47 HPs)
             Began as a Gnoll Cinder Acolyte on Oct 1, 2023.
             Was a High Priest of Ignis.
             Slain by a gnoll
             ... wielding a +0 club
              (6 damage)
             ... on level 3 of the Dungeon.
             The game lasted 00:03:43 (3089 turns).

arglypuff the Chopper (Gnoll Cinder Acolyte)        Turns: 3089, Time: 00:03:44

Health: 0/47       AC:  2    Str: 14    XL:     5   Next: 8%
Magic:  8/9        EV: 11    Int: 15    God:    Ignis [*****.]
Gold:   147        SH:  0    Dex:  7    Spells: 8/10 levels left

rFire   + . .        i - +2 dagger (flame)
rCold   . . .        (no shield)
rNeg    . . .        b - +0 robe
rPois   .            (no helmet)
rElec   .            (no cloak)
rCorr   .            (no gloves)
SInv    .            (no boots)
Will    .....        (no amulet)
Stlth   +            (no ring)
HPRegen 0.27/turn    (no ring)
MPRegen 0.11/turn

%: no passive effects
@: no status effects
A: fangs 1, strong nose, distributed training
a: Renounce Religion, Fiery Armour, Foxfire Swarm, Rising Flame


You were on level 3 of the Dungeon.
You worshipped Ignis.
Ignis was extremely pleased with you.
You visited 1 branch of the dungeon, and saw 3 of its levels.

You collected 147 gold pieces.

Inventory:

Hand Weapons
 a - a -1 hand axe of flaming
 i - a +2 dagger of flaming (weapon)
Armour
 b - a +0 robe (worn)
Jewellery
 h - a ring of willpower
 j - a +6 ring of intelligence
Scrolls
 e - 2 scrolls of fear {unknown}
 f - a scroll of acquirement
 g - 2 scrolls of enchant weapon {unknown}
Potions
 c - 3 potions of heal wounds
 d - 2 potions of curing
 l - a potion of mutation {unknown}
 m - 2 potions of enlightenment {unknown}


   Skills:
 + Level 6.6 Fighting
 + Level 1.4 Short Blades
 + Level 1.4 Long Blades
 + Level 6.6 Axes
 + Level 1.4 Maces & Flails
 + Level 1.4 Polearms
 + Level 1.4 Staves
 + Level 1.4 Ranged Weapons
 + Level 1.4 Throwing
 + Level 1.4 Armour
 + Level 1.4 Dodging
 + Level 1.4 Stealth
 + Level 1.4 Shields
 + Level 1.4 Unarmed Combat
 + Level 3.1 Spellcasting
 + Level 1.1 Conjurations
 + Level 1.1 Hexes
 + Level 1.1 Summonings
 + Level 1.1 Necromancy
 + Level 1.1 Translocations
 + Level 1.1 Transmutations
 + Level 5.5 Fire Magic
 + Level 1.1 Ice Magic
 + Level 1.1 Air Magic
 + Level 1.1 Earth Magic
 + Level 1.1 Poison Magic
 + Level 1.5 Invocations
 + Level 1.4 Evocations
 + Level 1.2 Shapeshifting


You had 8 spell levels left.
You knew the following spells:

 Your Spells              Type           Power      Damage    Failure   Level
a - Scorch                Fire           36%        2d6       3%          2

Your spell library contained the following spells:

 Spells                   Type           Power      Damage    Failure   Level


Dungeon Overview and Level Annotations

Branches:
Dungeon (3/15)

Altars:

Shops:
D:2 [


Innate Abilities, Weirdness & Mutations

You have very sharp teeth.
Your uncanny sense of smell can sniff out nearby items.
Your experience applies equally to all skills.


Message History

Your magical contamination has completely faded away.
Items here: ( )) †.
You open the gate.
There is an open gate here.
A gnoll comes into view. It is wielding a +0 whip.
The gnoll shouts!
You hear a shout!
A gnoll is nearby! 2 gnolls come into view.
A gnoll is wielding a +0 halberd.
A gnoll comes into view. It is wielding a +0 flail.
The gnoll moves out of view. x2
The gnoll shouts! x2
Casting: Scorch (safe; 3% risk of failure)
Confirm with . or Enter, or press ? or * to list all spells.
Flames lash the gnoll.
The gnoll is severely wounded.
The gnoll's fire resistance burns away.
The gnoll throws a throwing net.
The throwing net hits you.
You become entangled in the net!
You struggle against the net.
The gnoll hits you with a +0 whip.
You struggle against the net.
The gnoll barely misses you.
You struggle against the net.
The gnoll hits you with a +0 whip.
You struggle against the net.
The gnoll hits you with a +0 whip.
You rip the net and break free!
The gnoll misses you. The gnoll closely misses you.
The gnoll hits you from afar with a +0 halberd!
The gnoll is no longer more vulnerable to fire.
The gnoll attacks as it pursues you! The gnoll hits you with a +0 whip.
The gnoll closely misses you. The gnoll attacks as it pursues you!
The gnoll closely misses you. The gnoll attacks as it pursues you!
The gnoll hits you with a +0 flail!
* * * LOW HITPOINT WARNING * * *
As you read the scroll labelled EMAJELANAG, it crumbles to dust.
It is a scroll of identify.
f - a scroll of acquirement The gnoll hits you with a +0 club.
* * * LOW HITPOINT WARNING * * *
The gnoll closely misses you. The gnoll attacks as it pursues you!
The gnoll closely misses you. The gnoll attacks as it pursues you!
The gnoll barely misses you. The gnoll attacks as it pursues you!
The gnoll hits you with a +0 club.
You die...

#....≈≈## #≈≈.. ##....≈≈##
#≈≈.... #####
##.....≈≈###≈≈.....
####....
##.....≈≈≈≈≈.....###....###
##......≈......##.....##
##...g.......##..###..###
##..g.g....##..## ##.~PP
###..g..####)## #.P~~
###''@####..# #..~~
#........## #..P~
########## ##... ###. ##
### ##.. #... #..P


You could see 4 gnolls.

Vanquished Creatures
  Terence (D:2)
  2 adders
  A worm (D:2)
  A dart slug (D:2)
  6 orcs (D:3)
  5 bats
  5 endoplasms
  3 giant cockroaches
  7 goblins
  6 hobgoblins
  7 jackals
  10 kobolds
  7 ball pythons
  4 frilled lizards
  4 rats
69 creatures vanquished.

Notes
Turn   | Place    | Note
-------+----------+-------------------------------------------
     0 | D:1      | arglypuff the Gnoll Cinder Acolyte began the quest for the
                  | Orb.
     0 | D:1      | Reached XP level 1. HP: 23/23 MP: 4/4
   100 | D:1      | Reached XP level 2. HP: 29/29 MP: 5/5
   103 | D:1      | Learned a level 2 spell: Scorch
   482 | D:1      | Reached XP level 3. HP: 35/35 MP: 1/7
  1008 | D:2      | Noticed Terence
  1010 | D:2      | Reached skill level 1 in Invocations
  1061 | D:2      | Killed Terence
  1062 | D:2      | Reached skill level 1 in Short Blades
  1062 | D:2      | Reached skill level 1 in Long Blades
  1062 | D:2      | Reached skill level 1 in Maces & Flails
  1062 | D:2      | Reached skill level 1 in Polearms
  1062 | D:2      | Reached skill level 1 in Staves
  1062 | D:2      | Reached skill level 1 in Ranged Weapons
  1062 | D:2      | Reached skill level 1 in Throwing
  1062 | D:2      | Reached skill level 1 in Armour
  1062 | D:2      | Reached skill level 1 in Dodging
  1062 | D:2      | Reached skill level 1 in Stealth
  1062 | D:2      | Reached skill level 1 in Shields
  1062 | D:2      | Reached skill level 1 in Unarmed Combat
  1062 | D:2      | Reached skill level 1 in Evocations
  1062 | D:2      | Reached skill level 1 in Shapeshifting
  1062 | D:2      | Reached XP level 4. HP: 36/41 MP: 8/8
  1433 | D:2      | Reached skill level 1 in Conjurations
  1433 | D:2      | Reached skill level 1 in Hexes
  1433 | D:2      | Reached skill level 1 in Summonings
  1433 | D:2      | Reached skill level 1 in Necromancy
  1433 | D:2      | Reached skill level 1 in Translocations
  1433 | D:2      | Reached skill level 1 in Transmutations
  1433 | D:2      | Reached skill level 1 in Ice Magic
  1433 | D:2      | Reached skill level 1 in Air Magic
  1433 | D:2      | Reached skill level 1 in Earth Magic
  1433 | D:2      | Reached skill level 1 in Poison Magic
  1523 | D:2      | Found Yschyhim's Antique Armour Shop.
  2393 | D:3      | Reached XP level 5. HP: 47/47 MP: 0/9
  3085 | D:3      | Identified a scroll of acquirement
  3089 | D:3      | Slain by a gnoll

Illustrated notes

Levels and vault maps discovered:
D:1:      wander_arrival_chamber, layout_basic
D:2:      layout_basic, serial_shops, shop, uniq_terence
D:3:      layout_basic, kennysheep_donut, serial_bayou_lagoon_a, minmay_between

Skill      XL: |  1  2  3  4 |
---------------+-------------+-----
Invocations    | 1 |  1.5
Short Blades   | 1 |  1.4
Long Blades    | 1 |  1.4
Maces & Flails | 1 |  1.4
Polearms       | 1 |  1.4
Staves         | 1 |  1.4
Ranged Weapons | 1 |  1.4
Throwing       | 1 |  1.4
Armour         | 1 |  1.4
Dodging        | 1 |  1.4
Stealth        | 1 |  1.4
Shields        | 1 |  1.4
Unarmed Combat | 1 |  1.4
Evocations     | 1 |  1.4
Shapeshifting  | 1 |  1.2
Spellcasting   | 3 |  3.1
Conjurations   | 1 |  1.1
Hexes          | 1 |  1.1
Summonings     | 1 |  1.1
Necromancy     | 1 |  1.1
Translocations | 1 |  1.1
Transmutations | 1 |  1.1
Ice Magic      | 1 |  1.1
Air Magic      | 1 |  1.1
Earth Magic    | 1 |  1.1
Poison Magic   | 1 |  1.1
Fighting       | |  6.6
Axes           | |  6.6
Fire Magic     | |  5.5

Action                     |  1- 3 |  4- 6 || total
---------------------------+-------+-------++-------
  Melee: Hand axe          |    66 |       ||    66
         Punch             |     1 |       ||     1
         Bite              |     3 |     3 ||     6
         Dagger            |       |    26 ||    26
   Cast: Scorch            |    23 |    36 ||    59
    Use: Potion            |     3 |       ||     3
         Scroll            |       |     1 ||     1
 Armour: Robe              |    49 |    27 ||    76
  Dodge: Dodged            |    59 |    23 ||    82

Table legend: (Time is in decaauts)
 A = Elapsed time spent in this place.
 B = Non-inter-level travel time spent in this place.
 C = Inter-level travel time spent in this place.
 D = Time resting spent in this place.
 E = Time spent auto-exploring this place.
 F = Levels seen in this place.
 G = Mean time per level.
                   A        B        C        D        E       F      G
               +--------+--------+--------+--------+--------+-----+--------+
         Total |   3087 |   3011 |     76 |      0 |   2649 |   3 | 1029.0 |
       Dungeon |   3087 |   3011 |     76 |      0 |   2649 |   3 | 1029.0 |
               +--------+--------+--------+--------+--------+-----+--------+

Top non-repeatable levels by time:
     D:3: 1153 daAuts
     D:2: 1016 daAuts
     D:1: 917 daAuts
